 Dungeon Crawl Stone Soup version 0.30-a0-673-g5a0d6e5 (webtiles) character file.

Game seed: 878014496043761706

1140 milkiemew the Reanimator (level 8, -1/53 HPs)
             Began as a Demonspawn Necromancer on Jan 16, 2023.
             Slain by a shadow (21 damage)
             ... on level 7 of the Dungeon on Jan 18, 2023.
             The game lasted 00:41:41 (5923 turns).

milkiemew the Reanimator (Demonspawn Necromancer)   Turns: 5923, Time: 00:41:42

Health: -1/53      AC: 11    Str: 10    XL:     8   Next: 14%
Magic:  13/16      EV: 25    Int: 20    God:
Gold:   219        SH:  4    Dex: 13    Spells: 7/18 levels left

rFire   . . .      SeeInvis .    e - staff of poison
rCold   . . .      Faith    .    (no shield)
rNeg    . . .      Spirit   .    r - +4 ring mail of Kinwodiz {Int+2}
rPois   +          Reflect  .    (no helmet)
rElec   .          Harm     .    m - +0 cloak
rCorr   .          Rampage  .    d - +0 pair of gloves
Will    .....                    (no boots)
Stlth   +                        C - amulet of the acrobat
HPRegen 0.28/turn                (no ring)
MPRegen 0.15/turn                (no ring)

@: acrobatic
A: large bone plates 1, foul stench 2
a: no special abilities


You were on level 7 of the Dungeon.
You visited 1 branch of the dungeon, and saw 7 of its levels.

You collected 219 gold pieces.

Inventory:

Hand Weapons
 f - a +1 dagger of venom
 h - a +0 dagger
 l - a +2 mace of draining
 t - a +0 trident
 A - a +0 shortbow
Missiles
 n - 6 poisoned darts
 y - 8 boomerangs
Armour
 a - a +0 robe
 d - a +0 pair of gloves (worn)
 m - a +0 cloak (worn)
 r - the +4 ring mail of Kinwodiz (worn) {Int+2}
   (You found it on level 3 of the Dungeon)

   Int:       It affects your intelligence (+2).
 x - a +3 ring mail
Magical Staves
 e - a staff of poison (weapon)
Jewellery
 C - an amulet of the acrobat (around neck)
 E - an amulet of faith
Wands
 z - a wand of charming (12)
Scrolls
 c - 4 scrolls of vulnerability
 w - a scroll of poison
 B - a scroll of identify
Potions
 b - a potion of magic
 g - 3 potions of curing
 i - 3 potions of berserk rage
 j - 4 potions of heal wounds
 k - 2 potions of lignification
 o - a potion of invisibility {unknown}
 p - a potion of flight {unknown}
 q - 2 potions of resistance
 s - 2 potions of mutation
 u - 4 potions of might
 v - 4 potions of attraction {unknown}
 D - a potion of ambrosia {unknown}


   Skills:
 + Level 0.7 Fighting
 + Level 0.1 Maces & Flails
 + Level 2.0 Polearms
 + Level 2.0 Armour
 + Level 2.2 Dodging
 + Level 2.1 Stealth
 + Level 0.1 Shields
 + Level 0.2 Unarmed Combat
 + Level 5.7 Spellcasting
 + Level 8.0 Necromancy


You had 7 spell levels left.
You knew the following spells:

 Your Spells              Type           Power      Damage    Failure   Level
a - Necrotise             Necr           100%       1d9       1%          1
b - Animate Dead          Necr           38%        N/A       10%         4
c - Vampiric Draining     Necr           38%        2d8       3%          3
d - Cigotuvi's Dreadful   Necr/Pois/Air  48%        N/A       14%         2
e - Magic Dart            Conj           20%        1d4       26%         1

Your spell library contained the following spells:

 Spells                   Type           Power      Damage    Failure   Level
 Freeze                   Ice            20%        1d4       26%         1
 Summon Small Mammal      Summ           20%        N/A       26%         1
 Agony                    Necr           38%        N/A       26%         5
 Poisonous Vapours        Pois/Air       16%        N/A       38%         2
 Searing Ray              Conj           10%        2d4       38%         2
 Call Canine Familiar     Summ           5%         N/A       63%         3
 Frozen Ramparts          Ice            10%        1d2       63%         3
 Hailstorm                Conj/Ice       5%         3d4       63%         3
 Mephitic Cloud           Conj/Pois/Air  8%         N/A       63%         3
 Summon Guardian Golem    Hex/Summ       5%         N/A       63%         3
 Fulminant Prism          Conj/Hex       2%         3d5       95%         4


Dungeon Overview and Level Annotations

Branches:
Dungeon (7/15)
 Temple: D:4-7

Altars:
Ashenzari
Cheibriados
Fedhas
Gozag
Sif Muna
Trog
Uskayaw
Xom

Shops:
D:2 !   D:3 ?

Annotations:
D:6 2 transporters, Stephen2Aus's ghost, novice OpTm


Innate Abilities, Weirdness & Mutations

You are partially covered in large bone plates. (SH +4)
You sometimes emit foul miasma when damaged in melee.


Message History

The shadow hits you.
You emit a cloud of foul miasma!
Your orc zombie closely misses the shadow.
You hit the shadow.
The shadow is lightly damaged.
The shadow completely misses you.
Your orc zombie closely misses the shadow.
The shadow hits you.
You barely miss the shadow.
The shadow is lightly damaged.
Your orc zombie hits the shadow but does no damage.
The shadow hits you.
Your orc zombie hits the shadow but does no damage.
The shadow attacks as you move away! The shadow barely misses you.
Your orc zombie hits the shadow but does no damage.
The shadow attacks as you move away! You block the shadow's attack.
The shadow attacks as you move away! The shadow closely misses you.
Okay, then.
The shadow misses you. The shadow closely misses you.
Your magical contamination has completely faded away.
Your orc zombie closely misses the shadow.
The shadow completely misses you. The shadow barely misses you.
Your orc zombie barely misses the shadow.
The shadow closely misses you.
Your orc zombie hits the shadow but does no damage.
The shadow barely misses you.
Your orc zombie completely misses the shadow.
The shadow slips into darkness.
The shadow flickers and vanishes!
Deactivating autopickup; reactivate with Ctrl-A.
The shadow strikes at you from the darkness!
Reactivating autopickup.
Your orc zombie hits the shadow but does no damage.
The shadow slips into darkness.
The shadow flickers and vanishes!
Deactivating autopickup; reactivate with Ctrl-A.
Your orc zombie closely misses something.
The shadow strikes at you from the darkness!
You die...

.. ## #..# # #..# #.
####### #..# #..
##.....####..## ##...
#.............###....
#.#.#._.#...........#
####.#.)...)..........#
##......@{Z.)..........#
#
#.....<...............##
##
#...########..........##
.## #... ####........#
..### #.. ##........#
#...### . #.....#####
##...<# #.?....# #.....#
#.......# ##...##
..........#


You could see a friendly orc zombie.

Vanquished Creatures
  2 ice beasts (D:5)
  2 black bears (D:6)
  2 centaurs
  2 scorpions (D:6)
  2 orc priests (D:5)
  3 hounds (D:5)
  A jelly (D:5)
  Jessica (D:2)
  An orc wizard (D:5)
  4 iguanas
  4 adders
  A shadow imp (D:5)
  2 white imps
  2 worms (D:3)
  A dart slug (D:5)
  16 orcs
  6 ball pythons
  3 bats
  8 endoplasms
  2 giant cockroaches (D:2)
  3 goblins
  9 hobgoblins
  3 jackals (D:2)
  2 quokkas
  5 frilled lizards
  7 kobolds
  11 rats
105 creatures vanquished.

Vanquished Creatures (collateral kills)
  An adder (D:3)
  A ball python (D:3)
  A bat (D:1)
3 creatures vanquished.

Vanquished Creatures (others)
  A ball python zombie (D:3)
  5 orc zombies
  45 plants
  A withered plant (D:7)
52 creatures vanquished.

Grand Total: 160 creatures vanquished

Notes
Turn   | Place    | Note
-------+----------+-------------------------------------------
     0 | D:1      | milkiemew the Demonspawn Necromancer began the quest for
                  | the Orb.
     0 | D:1      | Reached XP level 1. HP: 13/13 MP: 3/3
   243 | D:1      | Gained mutation: You may rarely emit foul miasma when
                  | damaged in melee. [demonic ancestry]
   243 | D:1      | Reached XP level 2. HP: 19/19 MP: 3/5
   411 | D:1      | Reached skill level 5 in Necromancy
  1243 | D:2      | Noticed Jessica
  1253 | D:2      | Killed Jessica
  1254 | D:2      | Gained mutation: You are partially covered in large bone
                  | plates. (SH +4) [demonic ancestry]
  1254 | D:2      | Reached XP level 3. HP: 21/24 MP: 1/6
  1592 | D:2      | Found a faded altar of an unknown god.
  1597 | D:2      | Gained mutation: You sometimes emit foul miasma when
                  | damaged in melee. [demonic ancestry]
  1597 | D:2      | Reached XP level 4. HP: 30/30 MP: 6/8
  1602 | D:2      | Learned a level 4 spell: Animate Dead
  1606 | D:2      | Learned a level 3 spell: Vampiric Draining
  2044 | D:2      | Found Pizxia's Distillery.
  2836 | D:3      | Identified the +4 ring mail of Kinwodiz {Int+2}
  2848 | D:3      | Upgraded the game from 0.30-a0-637-gacddeb6 to
                  | 0.30-a0-673-g5a0d6e5
  2926 | D:3      | Found Vobestre's Magic Scroll Shop.
  3510 | D:3      | Found a blossoming altar of Fedhas.
  3803 | D:4      | You fall into a shaft and drop 3 floors!
  3868 | D:5      | Entered Level 5 of the Dungeon
  3920 | D:5      | Found a broken altar of Ashenzari.
  3936 | D:5      | Reached XP level 5. HP: 35/35 MP: 7/9
  4002 | D:5      | Reached skill level 6 in Necromancy
  4132 | D:5      | Found a snail-covered altar of Cheibriados.
  4139 | D:5      | Reached skill level 1 in Polearms
  4141 | D:5      | Noticed an ice beast
  4352 | D:5      | Reached XP level 6. HP: 41/41 MP: 6/12
  4362 | D:5      | Found a bloodstained altar of Trog.
  4434 | D:5      | Noticed an ice beast
  4444 | D:5      | Killed an ice beast
  4445 | D:5      | Reached XP level 7. HP: 24/47 MP: 3/13
  4586 | D:5      | Noticed a wraith
  4648 | D:6      | Learned a level 2 spell: Cigotuvi's Dreadful Rot
  4663 | D:6      | Reached skill level 7 in Necromancy
  4668 | D:6      | Noticed a two-headed ogre
  4726 | D:5      | Reached skill level 5 in Spellcasting
  4875 | D:5      | Found a shimmering altar of Xom.
  4884 | D:5      | Reached skill level 1 in Armour
  5297 | D:6      | Found a shimmering blue altar of Sif Muna.
  5364 | D:6      | Found a hide-covered altar of Uskayaw.
  5445 | D:6      | Reached skill level 8 in Necromancy
  5445 | D:6      | Reached XP level 8. HP: 36/53 MP: 8/16
  5569 | D:6      | Found a transporter.
  5572 | D:6      | Noticed Stephen2Aus's ghost (novice OpTm)
  5577 | D:6      | Found a transporter.
  5577 | D:6      | Identified the +1 buckler of the Fletcher {Str+4 Int+3}
  5814 | D:7      | Found an opulent altar of Gozag.
  5892 | D:7      | Learned a level 1 spell: Magic Dart
  5923 | D:7      | Slain by a shadow

Illustrated notes

Levels and vault maps discovered:
D:1:      dpeg_arrival_round_a, layout_basic, minmay_misc_feat_columns
D:2:      layout_loops_corners, serial_bayou, serial_bayou_pond_c,
          serial_bayou_lagoon_b, serial_bayou_crossing, serial_bayou_pond_c,
          serial_bayou_shore_a, serial_bayou_pond_a, serial_shops,
          nicolae_shop_trees, shapermc_ecumenical_altar_venn,
          hangedman_decor_diamond_cutter, uniq_jessica
D:3:      layout_basic, fedhas_altar_2, serial_shops, nicolae_shop_statue_plus
D:4:      layout_rooms, nicolae_elyvilon_temple_path, lemuel_tele_altar,
          nicolae_wu_jian_wuxing_cycle, nicolae_overflow_two_pavilions,
          minmay_temple_entry_tees, gammafunk_ghost_grave, serial_shops,
          kennysheep_mini_moat
D:5:      layout_basic, cheibriados_altar_1, ashenzari_altar_1,
          mainiacjoe_overflow_chevrons, tgw_xom
D:6:      layout_basic, nicolae_overflow_crystal_walls, amcnicky_altar_gilded,
          gammafunk_ghost_gnarly_gnolls
D:7:      layout_layer_cave, kiku_gazebo_garden_becter,
          mainiacjoe_overflow_tiny_flanked, dk_vineyard_1,
          kennysheep_opposing_triangles

Skill      XL: |  1  2  3  4  5  6  7 |
---------------+----------------------+-----
Necromancy     | 5 6 8 |  8.0
Spellcasting   | 3 4 5 |  5.7
Dodging        | 2 |  2.2
Polearms       | 1 2 |  2.0
Stealth        | 2 |  2.1
Armour         | 2 |  2.0
Fighting       | |  0.7
Maces & Flails | |  0.1
Shields        | |  0.1
Unarmed Combat | |  0.2

Action                   |  1- 3 |  4- 6 |  7- 9 || total
-------------------------+-------+-------+-------++-------
Melee: Unarmed           |    14 |       |       ||    14
       Club              |     3 |       |       ||     3
       Whip              |     4 |       |       ||     4
       Mace              |     8 |     3 |       ||    11
       Punch             |     1 |     2 |     1 ||     4
       Dagger            |       |    25 |       ||    25
       Trident           |       |    31 |       ||    31
       Staff             |       |       |    15 ||    15
 Cast: Necrotise         |    51 |    87 |    62 ||   200
       Animate Dead      |       |     4 |     2 ||     6
       Magic Dart        |       |       |     4 ||     4
  Use: Scroll            |     2 |     8 |     8 ||    18
       Potion            |       |     1 |       ||     1
 Stab: Sleeping          |     1 |       |       ||     1
       Distracted        |       |     1 |       ||     1
Armor: Robe              |     8 |     7 |       ||    15
       Ring mail         |       |    44 |    17 ||    61
Dodge: Dodged            |    30 |    41 |    25 ||    96
Block: Other             |       |    10 |     5 ||    15

Table legend: (Time is in decaauts)
 A = Elapsed time spent in this place.
 B = Non-inter-level travel time spent in this place.
 C = Inter-level travel time spent in this place.
 D = Time resting spent in this place.
 E = Time spent auto-exploring this place.
 F = Levels seen in this place.
 G = Mean time per level.
                   A        B        C        D        E       F      G
               +--------+--------+--------+--------+--------+-----+--------+
         Total |   5986 |   5639 |    347 |      0 |   3857 |   7 |  855.1 |
       Dungeon |   5986 |   5639 |    347 |      0 |   3857 |   7 |  855.1 |
               +--------+--------+--------+--------+--------+-----+--------+

Top non-repeatable levels by time:
     D:2: 1428 daAuts
     D:1: 1223 daAuts
     D:3: 1204 daAuts
     D:5: 1027 daAuts
     D:6: 945 daAuts
     D:7: 157 daAuts
